Map: Ultralove

Players

Jumy (ForJumy)

  • Race: Protoss Protoss
  • League: Grandmaster
  • Spawn Location: 7:00

VITRyung (Ryung) - Winner!

  • Race: Terran Terran
  • Spawn Location: 1:00

Event: HomeStory Cup XXVI

VOD

Have the link to the VOD?

Description

Time

  • Played on: Nov. 30, 2024, 2:43 p.m.
  • Length: 12:01

All games in this series

Show
View Real Time Build Order
Export as new Build Order

Jumy Protoss 

Build Orders: 1 Gate Expand, Chargelot Immortal 

Get SALT Encoding   

  12  0:00  Probe  
  13  0:12  Probe  
  14  0:19  Pylon  
  14  0:24  Probe  
  15  0:36  Probe  
  15  0:40  Gateway  
  16  0:44  Probe  
  16  0:45  Assimilator  
  17  0:52  Probe  
  18  1:03  Probe  
  19  1:15  Probe  
  20  1:28  Cybernetics Core  
  19  1:36  Nexus  
  19  1:39  Probe  
  20  1:45  Pylon  
  20  1:51  Probe  
  20  1:52  Assimilator  
  21  1:54  Adept  
  21  2:03  Probe  
  21  2:05  Warp Gate  
  24  2:15  Probe  
  25  2:18  Adept  
  25  2:25  Twilight Council  
  25  2:29  Probe  
  28  2:41  Probe  
  29  2:46  Probe  
  30  2:53  Probe  
  30  2:57  Probe  
  33  3:05  Probe  
  33  3:09  Probe  
  33  3:17  Gateway, Probe  
  33  3:18  Probe  
  34  3:26  Robotics Facility  
  34  3:27  Probe  
  35  3:29  Probe  
  37  3:35  Gateway  
  37  3:37  Charge  
  37  3:38  Probe  
  38  3:43  Probe  
  38  3:47  Pylon  
  39  3:50  Probe  
  39  3:53  Zealot  
  43  3:55  Probe  
  43  4:02  Probe  
  44  4:07  Probe  
  45  4:10  Warp Prism  
  45  4:14  Probe  
  45  4:15  Zealot  
  48  4:18  Stalker  
  48  4:20  Probe  
  49  4:36  Zealot x2  
  49  4:38  Pylon  
  53  4:45  Probe  
  54  4:54  Assimilator  
  54  4:55  Assimilator  
  54  4:56  Probe  
  54  4:58  Templar Archives  
  54  4:59  Forge  
  55  5:00  Pylon  
  55  5:03  Observer  
  55  5:06  Stalker  
  58  5:07  Stalker  
  58  5:09  Probe  
  58  5:11  Probe  
  62  5:21  Probe  
  62  5:28  Stalker  
  63  5:31  Stalker, Probe  
  63  5:34  Probe  
  64  5:36  Psionic Storm  
  64  5:39  Probe  
  64  5:43  Sentry  
  64  5:47  Pylon  
  64  5:48  Probe  
  68  5:52  High Templar  
  70  5:58  Shield Battery  
  70  6:02  Pylon  
  70  6:05  Probe x2  
  70  6:07  High Templar  
  74  6:18  Probe x2  
  73  6:20  Nexus  
  73  6:21  Protoss Ground Armor Level 1  
  72  6:30  Probe x2  
  72  6:31  Observer  
  73  6:34  Gateway  
  73  6:36  Gateway  
  73  6:39  High Templar  
  76  6:42  Probe  
  76  6:45  Probe, Pylon  
  78  6:54  Gateway, Probe, High Templar  
  78  7:01  Gateway, Probe  
  82  7:05  Pylon  
  82  7:06  Probe  
  83  7:13  Probe, High Templar  
  85  7:17  Pylon  
  85  7:18  High Templar  
  85  7:21  Probe  
  85  7:22  Pylon  
  88  7:25  Immortal  
  88  7:28  Probe  
  89  7:35  Probe  
  94  7:43  Probe  
  95  7:48  Probe  
  95  7:51  High Templar  
  97  7:52  Zealot x5  
  97  7:56  Immortal  
  107  8:06  Zealot  
  107  8:08  Shield Battery  
  105  8:13  Pylon  
  105  8:27  Zealot x6  
  105  8:30  Pylon  
  105  8:33  Probe  
  118  8:37  Immortal  
  118  8:40  Pylon  
  122  8:42  Stalker  
  122  8:44  Probe  
  122  8:45  Probe  
  113  9:02  Probe  
  96  9:03  Probe  
  96  9:04  Zealot x3  
  96  9:09  Gateway  
  103  9:11  Gateway, Pylon  
  103  9:12  Zealot  
  103  9:13  Immortal  
  103  9:14  Probe  
  106  9:20  Probe, Pylon  
  95  9:31  Twilight Council, Probe  
  96  9:34  Protoss Ground Weapons Level 1  
  96  9:37  Pylon  
  95  9:42  High Templar  
  95  9:43  High Templar x3  
  103  9:46  Warp Prism  
  103  9:48  Pylon  
  103  9:54  Zealot  
  103  9:55  Pylon  
  105  10:04  Archon  
  95  10:07  Zealot x3  
  95  10:11  Zealot  
  95  10:20  Probe  
  79  10:25  High Templar x2  
  79  10:26  Zealot  
  79  10:28  Probe x3  
  86  10:35  Pylon  
  88  10:36  Probe  
  88  10:40  Zealot x4, Probe x2  
  99  10:44  Assimilator  
  99  10:46  Assimilator  
  99  10:47  Probe  
  100  10:52  Probe  
  100  10:54  Zealot x2  
  100  10:56  High Templar  
  107  10:58  Zealot  
  107  10:59  Zealot  
  107  11:03  Probe  
  112  11:09  Zealot x2  
  116  11:12  Zealot  
  116  11:14  Zealot  
  114  11:18  Zealot  
  114  11:25  Archon  
  103  11:28  Archon  
  103  11:30  Zealot x3, High Templar x3  
  103  11:31  Probe  
  88  11:43  Zealot x2  
  88  11:44  Zealot  
  89  11:51  Zealot x3  
Show
View Real Time Build Order
Export as new Build Order

VITRyung Terran - Winner!

Build Orders: 1/1/1, Banshee Rush 

Get SALT Encoding   

  12  0:00  SCV  
  13  0:12  SCV  
  14  0:17  Supply Depot  
  14  0:24  SCV  
  15  0:39  SCV  
  15  0:40  Barracks  
  16  0:46  Refinery  
  16  0:51  SCV  
  16  0:52  Refinery  
  17  1:03  SCV  
  18  1:15  Supply Depot, SCV  
  19  1:33  Orbital Command, Reaper  
  20  1:43  Factory  
  20  1:58  SCV  
  21  2:05  Barracks Reactor  
  21  2:11  SCV  
  22  2:20  Command Center  
  22  2:23  SCV  
  22  2:28  Starport  
  23  2:35  SCV  
  24  2:38  Widow Mine  
  24  2:42  Marine x2  
  28  2:48  SCV  
  28  2:49  Supply Depot  
  29  3:00  SCV  
  29  3:01  Marine  
  31  3:10  Marine, Widow Mine, Medivac  
  36  3:15  SCV  
  37  3:27  SCV  
  37  3:28  Marine  
  37  3:31  Marine  
  37  3:33  Factory Tech Lab  
  40  3:39  SCV  
  41  3:48  Orbital Command  
  41  3:51  SCV  
  41  3:54  Banshee  
  41  3:55  Cloaking Field  
  45  4:00  Factory Tech Lab  
  45  4:01  Marine x2  
  47  4:03  Supply Depot, SCV  
  48  4:15  SCV  
  47  4:19  Siege Tank  
  47  4:20  SCV  
  47  4:23  Marine x2  
  53  4:27  SCV  
  54  4:32  SCV  
  54  4:34  Barracks  
  54  4:38  Banshee  
  58  4:39  SCV  
  58  4:44  SCV, Refinery  
  62  4:47  Supply Depot  
  62  4:53  Bunker  
  62  4:57  Supply Depot, SCV x2  
  62  5:05  Engineering Bay  
  62  5:09  SCV x2  
  62  5:11  Cyclone  
  62  5:12  Marine  
  62  5:13  Marine  
  68  5:16  Bunker  
  68  5:20  Engineering Bay  
  68  5:21  SCV  
  68  5:22  SCV  
  66  5:29  Barracks  
  66  5:34  SCV x2  
  66  5:35  Marine x3, Stimpack  
  71  5:46  SCV x2  
  71  5:48  Supply Depot, Terran Infantry Weapons Level 1  
  73  5:54  Terran Infantry Armor Level 1  
  73  5:58  SCV x2  
  73  6:00  Starport Reactor  
  73  6:03  Marine, Marauder  
  78  6:09  Marine  
  79  6:12  Supply Depot  
  79  6:13  Supply Depot, Refinery  
  79  6:19  Supply Depot  
  79  6:20  Supply Depot  
  79  6:22  Factory Reactor  
  79  6:30  Combat Shield  
  79  6:31  Marine x2, Marauder x2  
  85  6:39  Medivac x2  
  91  6:46  Supply Depot  
  89  6:50  Supply Depot, Marine  
  89  6:51  Marine  
  89  6:53  Marauder x2  
  95  6:58  Command Center  
  95  7:03  Widow Mine x2  
  99  7:09  Medivac x2  
  99  7:13  Marine x2  
  105  7:24  Marauder, Widow Mine  
  105  7:25  Marauder, Widow Mine  
  113  7:32  Barracks  
  113  7:33  Concussive Shells  
  113  7:34  Barracks  
  113  7:35  Marine x2  
  115  7:49  Marauder x2  
  119  7:52  Marine, Widow Mine x2  
  119  7:53  Marine  
  119  7:55  SCV x2  
  119  7:56  Medivac x2  
  129  8:07  SCV x2  
  129  8:10  Supply Depot  
  129  8:11  Supply Depot  
  129  8:17  Widow Mine  
  131  8:23  Marauder  
  131  8:24  Barracks Tech Lab, Marauder, Barracks Reactor  
  131  8:25  Marine x2  
  131  8:26  SCV x2  
  139  8:29  Widow Mine  
  141  8:38  Widow Mine  
  141  8:41  SCV  
  144  8:42  Marine  
  144  8:45  Marauder x2  
  144  8:46  SCV  
  151  8:48  Orbital Command  
  139  9:02  Marine x4  
  120  9:06  Marauder, Widow Mine x2  
  120  9:07  Viking x2  
  130  9:12  Ghost Academy  
  130  9:14  Supply Depot  
  130  9:18  Marauder x2  
  134  9:25  SCV x3  
  134  9:28  Marine x2, Widow Mine x2  
  134  9:29  Marine x2  
  147  9:31  Marauder  
  141  9:40  Medivac  
  141  9:43  Medivac  
  145  9:46  Supply Depot  
  145  9:47  Supply Depot  
  145  9:49  Armory, Widow Mine x2  
  145  9:51  Marine x4  
  143  10:08  Ghost x2  
  143  10:09  Ghost  
  146  10:14  Widow Mine x2  
  146  10:16  Medivac x2  
  146  10:21  Marine x3  
  136  10:23  Marine  
  134  10:30  Refinery x2  
  134  10:34  Supply Depot  
  133  10:35  Command Center  
  133  10:37  Ghost  
  133  10:38  Ghost  
  133  10:40  Marine x2  
  133  10:41  Marine  
  142  10:53  Marine x2  
  142  10:56  Viking  
  146  10:58  SCV  
  146  10:59  SCV x2  
  146  11:01  Barracks  
  146  11:02  Marine  
  146  11:03  Marine  
  151  11:05  Ghost, Barracks  
  151  11:06  Barracks  
  151  11:07  Marauder  
  152  11:19  Marine x2, Ghost  
  153  11:28  Marine x2, Marauder  
  154  11:34  SCV x2  
  154  11:35  Marauder  
  154  11:36  Supply Depot  
  150  11:42  Marine  
  150  11:43  Marine  
  150  11:46  SCV x2  
Tags
 
Add a new tag
Caveats
  • Supply blocks, unpowered buildings, or Contaminate may cause inaccurate times.
  • Supply counts are checked every 10 seconds.